 BcadrenCrawl: Boulder Brew version 0.06-744-gf22570f5e0 (webtiles) character file.

Game seed: 13875197167227734858

3623 LabCoat the Cleaver (level 10, -2/118 HPs) Hill Orc Fighter. Began on Mar 5, 2023. Was a Believer of Okawaru. Slain by a hornet (7 damage) ... while paralysed ... on level 5 of the Dungeon. The game lasted 00:31:48 (5058 turns).

LabCoat the Cleaver (Hill Orc Fighter)              Turns: 5058, Time: 00:31:48

Health: -2/118     AC: 31    Str: 23    XL:     10 ^: 4050
Magic:  8/10       EV:  2    Int:  8    God:    Okawaru [2* [73]]
Gold:   105        SH:  0    Dex: 15    Spells: 9/9 levels left

rFire    + . .     Slash    .   a - +0 war axe (molten)
rCold    x . .     Pierce   .   c - +0 heater shield
rNeg     + + +     Bludgeon .   I - +0 plate armour
rCorr    . . .     Vision   +   J - +0 mask of the Dragon {MR+ Slay+3 +Vis}
rPois    ∞         Gourm    .   (no cloak)
rElec    x         Faith    .   (no gloves)
MR       +....     Spirit   .   t - +1 pair of boots {sturdy}
HPRegen  0.49/turn Reflect  .   v - amulet of chaos
MPRegen  0.20/turn Harm     .   l - ring of evasion
Stlth    ..........             q - ring of dexterity

@: lethally poisoned (-2 -> -2), petrified, very slightly contaminated,
invisible
A: soft flesh
a: Heroism, Renounce Religion


You were on level 5 of the Dungeon.
You worshipped Okawaru.
Okawaru was pleased with you.
You were not hungry.

You visited 1 branch of the dungeon, and saw 5 of its levels.

You collected 255 gold pieces.
You spent 150 gold pieces at shops.

Inventory:

Weapons
 a - a +0 war axe of molten steel (weapon)
 b - the +5 hand crossbow of the Four Stories {venom, rF+ rC+ Stlth+}
   (You acquired it on level 1 of the Dungeon)

   It poisons the ammo it fires.
   It protects you from fire.
   It protects you from cold.
   It makes you more stealthy.
 B - a +5 flail of pain
 D - the +9 lance "Wyrmbane" {slay drac, rPois rF+ rC+ AC+3}
   (You took it off Maggie on level 4 of the Dungeon)

   This legendary weapon is deadly to all dragonkind.
   It affects your AC (+3).
   It protects you from fire.
   It protects you from cold.
   It protects you from poison.
   Shields
 c - a +0 heater shield (shield)
 x - a cursed +0 heater shield of reflection {(Curse: Fragile)}
 F - a cursed +6 heater shield of protection {(Curse: rC-)}
Armour
 t - a +1 pair of boots of sturdiness (worn)
 I - a +0 plate armour (worn)
 J - the +0 mask of the Dragon (worn) {MR+ Slay+3 +Vis}
   (You found it on level 4 of the Dungeon)

   It affects your accuracy and damage with ranged weapons and melee attacks
   (+3).
   It affects your resistance to hostile enchantments.
   It improves your vision.
Jewellery
 l - a ring of evasion (left hand)
 n - a cursed ring of protection from magic {(Curse: Int-5)}
 q - a ring of dexterity (right hand)
 s - a cursed ring of dexterity {(Curse: Str-4)}
 v - an amulet of chaos (around neck)
 A - a cursed ring of stealth {(Curse: rF-)}
 C - an uncursed ring of slaying
 E - an uncursed ring of dexterity
 G - a cursed ring of protection {(Curse: MR-)}
 H - the cursed ring of Amelioration {rElec rPois rN+ Str+3, (Curse: Slay-6)}
   (You took it off an orc warrior on level 4 of the Dungeon)

   [ring of positive energy]

   It affects your strength (+3).
   It insulates you from electricity.
   It protects you from poison.
   It protects you from negative energy.
   It has a curse placed upon it.
   { (Curse: Slay-6)}
Wands
 g - a wand of flame (2)
 u - a wand of ensnaring (3)
Scrolls
 e - 3 scrolls of magic mapping
 h - a scroll of blinking
 k - 4 scrolls of teleportation
 p - a scroll of enchantment
 w - 2 scrolls of bless item
 y - 5 scrolls of random uselessness
Potions
 d - a potion of lignification
 j - a potion of agility
 m - 3 potions of mutation
 o - a potion of resistance
 r - a potion of invisibility
Comestibles
 f - 14 rations
 z - 9 chunks of flesh


   Skills:
 * Level 8.5 Fighting
 * Level 8.8 Axes & Hammers
 + Level 3.8 Crossbows
 * Level 7.0 Armour
 + Level 3.5 Dodging
 + Level 8.0 Shields
 * Level 3.7 Evocations


You had 9 spell levels left.
You didn't know any spells.
Your spell library was empty.

Dungeon Overview and Level Annotations

Branches:
Dungeon (5/8)              Temple (0/1) D:4
   Lair: D:5

Altars:
Beogh
Elyvilon
Gozag Ym Sagoz
Kikubaaqudgha
Makhleb
Nemelex Xobeh
Okawaru
Sif Muna
Zin

Shops:
D:4 (


Innate Abilities, Weirdness & Mutations

((Your soft flesh is weak to deep cuts.
Heavy manmade armour will nullify this weakness. (rSlashing-)))


Message History

You are slowing down.
The hornet barely misses you.
You are very lightly contaminated with residual magic.
You hit the hornet (1). You burn the hornet (1).
The hornet is severely wounded. (12/35) HP The hornet stings you but does no damage.
The hornet stings you (4).
* * * LOW HITPOINT WARNING * * *
The hornet stings you but does no damage.
Your limbs are stiffening.
Okay, then.
You hit the hornet (2). You burn the hornet (2).
The hornet is severely wounded. (8/35) HP The hornet stings you (2).
* * * LOW HITPOINT WARNING * * *
You are lethally poisoned!
The hornet stings you but does no damage. x2
You have turned to stone.
The hornet stings you (7)!
You die...

....############
..........>...###
...########.)÷.<.
#.# #.##### #.# #.#
#.####.#########.#
#................#
########.###########
.<...hy@.#
##########


You could see a hornet and a hound.

Vanquished Creatures
  Pikel (D:2)
  Maggie (D:4)
  Edmund (D:3)
  A phantom (D:4)
  2 orc warriors (D:4)
  3 scorpions
  An eye of draining (D:5)
  A sky beast (D:4)
  A redback zombie (D:4)
  3 ogres
  A rock worm zombie (D:3)
  A big kobold (D:2)
  4 howler monkeys
  2 orc priests (D:4)
  A hound (D:3)
  6 jellies
  2 gnoll shamans
  3 worker ants (D:4)
  2 orc wizards (D:3)
  2 wyvern skeletons
  10 giant cockroaches
  A cysgobwca (D:4)
  7 adders
  20 gnolls
  24 sewer rats
  7 worms
  7 cinder newts
  9 leopard geckos
  7 orcs
  2 adder skeletons
  10 bats
  3 cinder newt skeletons (D:2)
  4 goblins (D:1)
  8 hobgoblins (D:1)
  3 jackals (D:4)
  2 quokkas
  6 ball pythons (D:2)
  3 bat skeletons (D:2)
  11 kobolds
  2 orc skeletons (D:2)
  8 rats
  11 withered plants (D:2)
204 creatures vanquished.

Vanquished Creatures (others)
  A giant cockroach (D:2)
  5 sewer rats (D:2)
  2 worms (D:2)
  A cinder newt (D:2)
  An ooze (D:2)
  2 leopard geckos (D:2)
  A ball python (D:2)
  A bat skeleton (D:2)
  A kobold (D:2)
  A giant blowfly (D:2)
  A slave (D:2)
  A slimehead (D:2)
  52 withered plants (D:2)
70 creatures vanquished.

Grand Total: 274 creatures vanquished

Notes
Turn   | Place    | Note
-------+----------+-------------------------------------------
     0 | D:1      | LabCoat the Hill Orc Fighter began the quest for the Orb.
     0 | D:1      | Reached XP level 1. HP: 29/29 MP: 1/1
   131 | D:1      | Reached XP level 2. HP: 39/39 MP: 2/2
   255 | D:1      | Reached XP level 3. HP: 30/49 MP: 3/3
   472 | D:1      | Reached XP level 4. HP: 59/59 MP: 4/4
   550 | D:1      | Identified a scroll of acquirement
   557 | D:1      | Reached skill level 1 in Dodging
   559 | D:1      | Reached XP level 5. HP: 52/69 MP: 5/5
   647 | D:1      | Acquired the +5 hand crossbow of the Four Stories {venom,
                  | rF+ rC+ Stlth+}
  1017 | D:2      | Reached skill level 5 in Shields
  1056 | D:2      | Noticed Pikel
  1065 | D:2      | Killed Pikel
  1065 | D:2      | Reached skill level 5 in Fighting
  1065 | D:2      | Reached skill level 5 in Axes & Hammers
  1065 | D:2      | Reached skill level 1 in Crossbows
  1065 | D:2      | Reached XP level 6. HP: 78/79 MP: 6/6
  1065 | D:2      | Reached XP level 7. HP: 88/89 MP: 7/7
  1164 | D:2      | Reached XP level 8. HP: 99/99 MP: 8/8
  1188 | D:2      | Found a sparkling altar of Nemelex Xobeh.
  1612 | D:2      | Acquired a +1 pair of boots of sturdiness
  1660 | D:2      | Found a burning altar of Makhleb.
  1664 | D:2      | Found a glowing silver altar of Zin.
  1664 | D:2      | Noticed an angel
  1665 | D:2      | Noticed a cenysus
  2175 | D:2      | Found an iron altar of Okawaru.
  2187 | D:2      | Found an ancient bone altar of Kikubaaqudgha.
  2189 | D:2      | Became a worshipper of Warmaster Okawaru
  2200 | D:2      | Found a roughly hewn altar of Beogh.
  2200 | D:2      | Found a shimmering blue altar of Sif Muna.
  2202 | D:2      | Found an opulent altar of Gozag.
  2534 | D:3      | Reached skill level 5 in Armour
  2914 | D:3      | Found a white marble altar of Elyvilon.
  3076 | D:3      | Noticed Edmund
  3082 | D:3      | Killed Edmund
  3082 | D:3      | Reached skill level 1 in Evocations
  3082 | D:3      | Reached XP level 9. HP: 101/108 MP: 9/9
  3493 | D:3      | Reached * piety under Okawaru
  3883 | D:4      | Noticed Maggie
  3888 | D:4      | Killed Maggie
  3957 | D:4      | Reached ** piety under Okawaru
  4144 | D:4      | Found Kosokyerph's Antique Weapon Shop.
  4165 | D:4      | Bought a runed heater shield for 150 gold pieces
  4392 | D:4      | Found a staircase to the Ecumenical Temple.
  4394 | D:4      | Identified the cursed ring of Amelioration {rElec rPois rN+
                  | Str+3, (Curse: Slay-6)}
  4517 | D:4      | Reached XP level 10. HP: 118/118 MP: 10/10
  4781 | D:4      | Found the +0 mask of the Dragon {MR+ Slay+3 +Vis}
  4941 | D:5      | Entered Level 5 of the Dungeon
  5023 | D:5      | Reached *** piety under Okawaru
  5057 | D:5      | HP: 5/118 [hornet (2)]
  5058 | D:5      | Slain by a hornet

Illustrated notes

Levels and vault maps discovered:
D:1:      scummos_arrival_checkerplants, layout_basic, first_ration,
          portal_sewer_entry_b
D:2:      layout_sewer, grunt_temple_overflow_order_and_chaos_2, minitemple,
          old_standard_altar, minmay_misc_feat_more_columns, uniq_pikel
D:3:      layout_gridville, elyvilon_altar_3, uniq_edmund
D:4:      layout_gridville, minmay_temple_entry_trees, serial_shops, shop,
          uniq_maggie
D:5:      minmay_the_grid_net [minmay_the_grid_spin_star, minmay_the_grid_mess,
          minmay_the_grid_diamond_grid, minmay_the_grid_spikes,
          minmay_the_grid_dragon_a, minmay_the_grid_prize_inner_circle],
          layout_loops_ring, lair_entry_dummy

Skill      XL: |  1  2  3  4  5  6  7  8  9 10 |
---------------+-------------------------------+-----
Axes & Hammers | 3 4 5 6 7 8 |  8.8
Fighting       | 4 5 6 7 8 |  8.5
Shields        | 4 6 7 8 |  8.0
Dodging        | 1 2 3 |  3.5
Crossbows      | 1 2 3 |  3.8
Armour         | 4 5 6 7 |  7.0
Evocations     | 1 3 |  3.7

Action                   |  1- 3 |  4- 6 |  7- 9 | 10-12 || total
-------------------------+-------+-------+-------+-------++-------
Melee: War axe           |    42 |    27 |   156 |    26 ||   251
 Fire: Hand crossbow     |       |    21 |   151 |    22 ||   194
Invok: Heroism           |       |       |       |     2 ||     2
  Use: Potion            |     1 |       |     1 |     2 ||     4
       Scroll            |       |     1 |     2 |       ||     3
  Eat: Chunk             |       |     1 |    11 |     2 ||    14
Armor: Scale mail        |    21 |    14 |    23 |       ||    58
       Chain mail        |       |       |    52 |       ||    52
       Plate armour      |       |       |       |    36 ||    36
Dodge: Dodged            |     8 |    12 |    60 |    11 ||    91
Block: Heater shield     |    18 |    11 |    88 |    10 ||   127
